 Dungeon Crawl Stone Soup version 0.25-a0-302-g9f758675c1 (webtiles) character file.

Game seed: 17300601770065270451, levelgen mode: deterministic

233 DerDa the Magician (level 6, -5/36 HPs)
             Began as an Octopode Fire Elementalist on Dec 20, 2019.
             Killed by divine providence
             ... invoked by an orc priest
              (14 damage)
             ... on level 4 of the Dungeon.
             The game lasted 00:11:36 (3206 turns).

DerDa the Magician (Octopode Fire Elementalist)     Turns: 3206, Time: 00:11:36

Health: -5/36      AC:  1    Str:  7    XL:     6   Next: 4%
Magic:  5/12       EV: 13    Int: 19    God:
Gold:   156        SH:  0    Dex: 13    Spells: 5/13 levels left

rFire    . . .     SeeInvis .   v - +1 spear (venom)
rCold    . . .     Gourm    .   (no shield)
rNeg     . . .     Faith    .   (helmet restricted)
rPois    .         Spirit   .   a - amulet of rage
rElec    .         Reflect  .   g - ring of resist corrosion
rCorr    +         Harm     .   (no ring)
MR       .....                  (no ring)
Stlth    +++.......             (no ring)
HPRegen  0.12/turn              (no ring)
MPRegen  0.13/turn              (no ring)
                                (no ring)
                                (no ring)

@: very slightly contaminated, drained
A: almost no armour, stealthy swim, amphibious, 8 rings, constrict 8, camouflage
1, gelatinous body 1
a: Evoke Berserk Rage


You were on level 4 of the Dungeon.
You were not hungry.

You visited 1 branch of the dungeon, and saw 4 of its levels.

You collected 156 gold pieces.

Inventory:

Hand Weapons
 l - a +0 whip
 p - a +1 hunting sling of velocity
 v - a +1 spear of venom (weapon)
Missiles
 e - 37 stones (quivered)
 f - 3 boomerangs
 i - 6 atropa-tipped darts
 r - 22 sling bullets
Armour
 t - a +0 buckler
Jewellery
 a - an amulet of rage (around mantle)
 g - a ring of resist corrosion (left tentacle)
Scrolls
 c - a scroll of immolation {unknown}
 h - 4 scrolls of identify {unknown}
 j - a scroll of blinking {unknown}
 k - 2 scrolls of enchant weapon {unknown}
 m - 2 scrolls of remove curse {unknown}
 o - a scroll of noise {unknown}
 s - a scroll of enchant armour {unknown}
 w - 2 scrolls of teleportation {unknown}
Potions
 d - a potion of flight {unknown}
 n - 3 potions of curing {unknown}
 q - a potion of heal wounds {unknown}
 x - a potion of brilliance {unknown}
Comestibles
 b - 8 rations
 u - 2 chunks of flesh


   Skills:
 - Level 2.0(1.1) Dodging
 - Level 2.6(1.8) Stealth
 * Level 4.2(3.3) Spellcasting
 + Level 2.9(2.0) Conjurations
 + Level 4.1(3.2) Fire Magic


You had 5 spell levels left.
You knew the following spells:

 Your Spells              Type           Power        Failure   Level  Hunger
a - Foxfire               Conj/Fire      ##..         4%          1    None
b - Conjure Flame         Conj/Fire      ##......     16%         3    ###....
c - Sticky Flame          Conj/Fire      ##......     45%         4    ####...

Your spell library contained the following spells:

 Spells                   Type           Power        Failure   Level  Hunger
 Inner Flame              Hex/Fire       #.......     22%         3    ###....
 Fireball                 Conj/Fire      ##........   80%         5    ######.


Dungeon Overview and Level Annotations

Branches:
Dungeon (4/15)
 Temple: D:4-7

Altars:
Fedhas
Hepliaklqana


Innate Abilities, Weirdness & Mutations

You cannot wear most types of armour.
You are very stealthy in the water. (Stealth+)
You are amphibious.
You can wear up to eight rings at the same time.
You can use your tentacles to constrict eight enemies at once.
Your skin changes colour to match your surroundings (Stealth+).
Your rubbery body absorbs attacks. (AC +1, EV +1)


Message History

The magic dart hits you.
An orc comes into view. It is wielding a +0 club.
The orc shouts!
You hit the orc wizard.
You kill the orc wizard!
You have reached level 6!
Your experience leads to an increase in your attributes!
Increase (S)trength, (I)ntelligence, or (D)exterity?
You feel clever. The orc priest completely misses you.
Casting: Foxfire (safe; 4% risk of failure)
Confirm with . or Enter, or press ? or * to list all spells.
You conjure some foxfire!
The orc closely misses you.
The orc priest calls down the wrath of Beogh upon you.
Beogh smites you!
* * * LOW HITPOINT WARNING * * *
The foxfire hits the orc but does no damage. x2
The orc priest mumbles some strange prayers to Beogh against you.
Beogh smites you!
You die...

#.... .....# ....
#...# # #... ##..#
.. #...###...#
##.....#
#....#<..####......#
#....#.........###
###.....#.........
##..####........
##.@###.o$...##
##..##.......#
#..oooo..[...
#..oo....o...
#.......##...
##.....## . ......##
.......# .........


You could see an orc priest and 3 orcs.

Vanquished Creatures
  An orc priest (D:3)
  An orc wizard (D:4)
  A worker ant (D:4)
  6 adders
  A gnoll (D:1)
  3 worms
  2 dart slugs
  3 leopard geckos (D:2)
  3 orcs
  6 bats
  3 giant cockroaches
  8 goblins
  5 hobgoblins
  10 jackals
  2 quokkas (D:3)
  A ball python (D:3)
  6 frilled lizards
  5 kobolds
  9 rats
76 creatures vanquished.

Vanquished Creatures (others)
  177 foxfires
177 creatures vanquished.

Grand Total: 253 creatures vanquished

Notes
Turn   | Place    | Note
-------+----------+-------------------------------------------
     0 | D:1      | DerDa the Octopode Fire Elementalist began the quest for
                  | the Orb.
     0 | D:1      | Reached XP level 1. HP: 11/11 MP: 3/3
    92 | D:1      | Reached XP level 2. HP: 3/17 MP: 1/5
   756 | D:1      | Reached XP level 3. HP: 9/21 MP: 1/7
  1873 | D:2      | Reached XP level 4. HP: 27/27 MP: 4/8
  2038 | D:2      | Learned a level 3 spell: Conjure Flame
  2043 | D:2      | Learned a level 4 spell: Sticky Flame
  2497 | D:3      | Reached XP level 5. HP: 28/31 MP: 6/10
  2611 | D:3      | Found a hazy altar of Hepliaklqana.
  2613 | D:3      | Found a blossoming altar of Fedhas.
  3201 | D:4      | Reached XP level 6. HP: 23/36 MP: 5/12
  3206 | D:4      | Killed from afar by an orc priest

Levels and vault maps discovered:
D:1:      dpeg_arrival_court, layout_basic, st_stairs_2, minivault_4,
          roderic_lattice_a, chequers_serial_rivers_micro_c,
          minmay_misc_feat_secret_circle, dk_noncrumbling_4,
          minmay_indecisive_spiral
D:2:      layout_loops_ring
D:3:      layout_loops_cross, grunt_temple_overflow_open
D:4:      lemuel_upstairs_altar, layout_layer_cave

Skill      XL: |  1  2  3  4  5 |
---------------+----------------+-----
Spellcasting   | 3 4 |  4.2
Conjurations   | 2 |  2.9
Fire Magic     | 4 |  4.1
Dodging        | |  2.0
Stealth        | |  2.6

Action                   |  1- 3 |  4- 6 || total
-------------------------+-------+-------++-------
Melee: Unarmed           |    29 |       ||    29
       Constrict         |     8 |    10 ||    18
       Tentacles         |     3 |    10 ||    13
       Whip              |     2 |       ||     2
       Spear             |       |    46 ||    46
 Fire: Hunting sling     |     5 |     1 ||     6
 Cast: Foxfire           |    43 |    61 ||   104
 Abil: Evoke Berserk Rag |     2 |       ||     2
 Stab: Sleeping          |     1 |     3 ||     4
  Eat: Chunk             |     5 |     4 ||     9
Armor: Skin              |     5 |     5 ||    10
Dodge: Dodged            |    35 |    32 ||    67

Table legend:
 A = Non-vault XP
 B = Vault XP
 C = Vault XP percentage of total XP
 D = Non-vault monster count
 E = Vault monster count
 F = Vault count percentage of total count
                 A         B        C        D         E       F
            +---------+---------+-------+---------+---------+-------
      Total |     310 |      23 |   6.9 |      69 |       7 |   9.2
            +---------+---------+-------+---------+---------+-------
        D:1 |      31 |      23 |  42.6 |      21 |       7 |  25.0
        D:2 |      65 |       0 |   0.0 |      17 |       0 |   0.0
        D:3 |     142 |       0 |   0.0 |      29 |       0 |   0.0
        D:4 |      72 |       0 |   0.0 |       2 |       0 |   0.0
            +---------+---------+-------+---------+---------+-------
